 Dungeon Crawl Stone Soup version 0.31-a0-848-gaac375c287 (webtiles) character file.

Game seed: 5525493317881629659

2 Kurtz the Sneak (level 1, -2/18 HPs)
             Began as a Mummy Delver on Oct 4, 2023.
             Slain by an orc
             ... wielding a +0 club
              (3 damage)
             ... on level 4 of the Dungeon.
             The game lasted 00:00:24 (101 turns).

Kurtz the Sneak (Mummy Delver)                       Turns: 101, Time: 00:00:24

Health: -2/18      AC:  3    Str: 15    XL:     1   Next: 25%
Magic:  1/1        EV: 11    Int:  9    God:
Gold:   0          SH:  0    Dex: 13    Spells: 0/0 levels left

rFire   x . .        a - +0 hand axe
rCold   + . .        (no shield)
rNeg    + + +        b - +0 leather armour
rPois   ∞            (no helmet)
rElec   .            (no cloak)
rCorr   .            (no gloves)
SInv    .            (no boots)
Will    .....        (no amulet)
Stlth   ++           (no ring)
HPRegen 0.23/turn    (no ring)
MPRegen 0.07/turn

%: faith
@: no status effects
A: cold resistance 1, negative energy resistance 3, torment resistance 2, heat
vulnerability 1, in touch with death 1, no potions, faith
a: no special abilities


You were on level 4 of the Dungeon.
You visited 1 branch of the dungeon, and saw 2 of its levels.

Inventory:

Hand Weapons
 a - a +0 hand axe (weapon)
Armour
 b - a +0 leather armour (worn)
Wands
 f - a wand of digging (3)
Scrolls
 c - a scroll of fog
 d - a scroll of revelation
 e - a scroll of fear


   Skills:
 - Level 3.0 Fighting
 * Level 1.7 Axes
 - Level 1.5 Dodging
 - Level 4.1 Stealth


You couldn't memorise any spells.
You didn't know any spells.
Your spell library was empty.

Dungeon Overview and Level Annotations

Branches:
Dungeon (5/15)
 Temple: D:4-7

Altars:


Innate Abilities, Weirdness & Mutations

You are immune to poison.
Your flesh is cold resistant. (rC+)
You are immune to negative energy. (rN+++)
You are immune to unholy pain and torment.
You are vulnerable to heat. (rF-)
You are in touch with the powers of death.
You do not drink.
You have a special connection with the divine. (Faith)


Message History

An orc comes into view. It is wielding a +0 club.
An orc comes into view. It is wielding a +0 morningstar.
The orc moves out of view.
The orc shouts!
You hear a shout!
The orc wizard mumbles some strange words.
The orc wizard flickers and vanishes!
Deactivating autopickup; reactivate with Ctrl-A.
The orc barely misses you. The orc hits you with a +0 club.
The orc attacks as it pursues you! The orc misses you.
The orc attacks as it pursues you! The orc hits you with a +0 club.
* * * LOW HITPOINT WARNING * * *
The orc attacks as it pursues you! The orc hits you but does no damage.
The orc attacks as it pursues you! The orc closely misses you.
The orc attacks as it pursues you! The orc barely misses you.
The orc attacks as it pursues you! The orc barely misses you.
The orc attacks as it pursues you! The orc hits you with a +0 club.
* * * LOW HITPOINT WARNING * * *
The orc attacks as it pursues you! The orc hits you with a +0 club.
* * * LOW HITPOINT WARNING * * *
The orc attacks as it pursues you! The orc misses you.
Found 2 stones.
The orc attacks as it pursues you! The orc closely misses you.
An orc comes into view. It is wielding a +0 short sword.
The orc shouts!
You hear a shout! x2
An orc comes into view. It is wielding a +0 club.
The orc attacks as it pursues you! The orc barely misses you.
An orc and an orc wizard come into view.
The orc wizard shouts!
The orc shouts!
A ball python comes into view.
An orc priest comes into view. It is wielding a +0 morningstar.
The orc wizard gestures wildly while chanting.
The orc wizard flickers and vanishes!
You hear a shout!
A hobgoblin comes into view.
The ball python hisses angrily.
The orc wizard shouts!
The orc priest shouts!
The orc hits you with a +0 short sword.
* * * LOW HITPOINT WARNING * * *
The orc priest casts a cantrip, but nothing happens.
The orc hits you with a +0 club.
You die...

... ##......^.......##
..###....##.. ..g....
..#.....# .. ...o..## ..
......#.##.# .S.....##.##
.....##.##.####..oo#..#....
......#.........#..#......#
..............###...(....#
.!...##.........#oo......#
....#####.......@o......#
....####..##......J..#.##
.#...(#....#.#.......#
.#.................B.##
...###.........#####..#
>...#..........#####o.#
...........##.........#
............#.........####
.....w........#......#...#


You could see a jelly, 2 orc priests, 5 orcs and a giant cockroach.

Vanquished Creatures
  A goblin (D:4)
  A kobold (D:4)
2 creatures vanquished.

Notes
Turn   | Place    | Note
-------+----------+-------------------------------------------
     0 | D:5      | Kurtz the Mummy Delver began the quest for the Orb.
     0 | D:5      | Reached XP level 1. HP: 18/18 MP: 1/1
    13 | D:4      | Noticed a jelly
    22 | D:4      | Noticed an orc wizard
    24 | D:4      | Noticed an orc priest
    41 | D:4      | Noticed a jelly
    55 | D:4      | Noticed an orc wizard
    98 | D:4      | Noticed an orc wizard
    99 | D:4      | Noticed an orc priest
   101 | D:4      | Slain by an orc

Illustrated notes

Levels and vault maps discovered:
D:4:      layout_cave_pools, uniq_duvessa, uniq_ijyb
D:5:      layout_basic, grunt_temple_overflow_open, minivault_5, uniq_sigmund,
          uniq_eustachio, uniq_grinder

Action                     || total
---------------------------++-------
  Melee: Hand axe          ||     4
   Stab: Sleeping          ||     1
 Armour: Leather armour    ||    19
  Dodge: Dodged            ||    15

Table legend: (Time is in decaauts)
 A = Elapsed time spent in this place.
 B = Non-inter-level travel time spent in this place.
 C = Inter-level travel time spent in this place.
 D = Time resting spent in this place.
 E = Time spent auto-exploring this place.
 F = Levels seen in this place.
 G = Mean time per level.
                   A        B        C        D        E       F      G
               +--------+--------+--------+--------+--------+-----+--------+
         Total |    101 |    101 |      0 |      0 |      0 |   2 |   50.5 |
       Dungeon |    101 |    101 |      0 |      0 |      0 |   2 |   50.5 |
               +--------+--------+--------+--------+--------+-----+--------+

Top non-repeatable levels by time:
     D:4: 94 daAuts
     D:5: 7 daAuts
